[Event "Karel Janecek Open 2024"]
[Site "Prague"]
[Date "2024.03.06"]
[Round "8.3"]
[White "Zhao, Yuanhe"]
[Black "Safarli, Eltaj"]
[Result "1/2-1/2"]
[ECO "A37"]
[WhiteElo "2461"]
[BlackElo "2604"]
[Annotator "TA"]
[PlyCount "31"]
[EventDate "2024.02.22"]
[EventType "swiss"]
[EventCountry "CZE"]
[SourceTitle "playchess.com"]
[Source "ChessBase"]
[SourceQuality "1"]
[TimeControl "40/5400+30:1800+30"]

1. Nf3 c5 2. c4 Nc6 3. Nc3 e5 4. g3 g6 5. Bg2 Bg7 6. O-O Nge7 7. Ne1 d6 8. Nc2 Be6 9. Ne3 O-O 10. d3 Rb8 11. Ned5 a6 12. a4 Qd7 13. Nb6 Qd8 14. Nbd5 {[%emt 0:00:11] The position is equal.} Qd7 15. Nb6 Qd8 16. Nbd5 {[%emt 0:00:07] An uneventful encounter.   Weighted Error Value: White=0.04 (flawless) /Black=0.04 (flawless) .  OK:         	White=1     	Black=1} 1/2-1/2

[Event "Karel Janecek Open 2024"]
[Site "Prague"]
[Date "2024.03.06"]
[Round "8.4"]
[White "Sethuraman, S.P."]
[Black "Harikrishnan.A.Ra"]
[Result "1-0"]
[ECO "D12"]
[WhiteElo "2594"]
[BlackElo "2448"]
[Annotator "TA"]
[PlyCount "77"]
[EventDate "2024.02.22"]
[EventType "swiss"]
[EventCountry "CZE"]
[SourceTitle "playchess.com"]
[Source "ChessBase"]
[SourceQuality "1"]
[TimeControl "40/5400+30:1800+30"]

1. d4 d5 2. c4 c6 3. Nf3 Nf6 4. e3 Bf5 5. Nc3 e6 6. Nh4 Be4 7. f3 Bg6 {[%emt 0:00:03] D12: Slav Defence: 3 Nf3 Nf6 4 e3 Bf5.} 8. Bd2 dxc4 9. Bxc4 b5 10. Nxg6 hxg6 11. Bd3 a6 $146 ({Predecessor:} 11... Nbd7 12. Qe2 a6 13. Ne4 c5 14. Nxc5 Bxc5 15. dxc5 Nxc5 16. Bc2 Qd6 17. O-O-O O-O {½-½ Injac,T (2426)-Iglesias,Y (2259) EU-Cup (Women) 27th 2023 (2.3)}) 12. Qe2 c5 13. O-O-O Nc6 14. dxc5 Bxc5 15. Kb1 Qb6 16. Ne4 Be7 17. Nxf6+ Bxf6 18. Be4 Rc8 19. g4 Na5 20. f4 Nc4 21. Bc1 g5 22. h4 gxh4 23. g5 Be7 24. Bd3 Qc5 25. g6 Bf6 26. e4 e5 $1 27. Qg4 exf4 $2 (27... O-O $11 {and Black is okay.} 28. Bxc4 Qxc4 29. fxe5 Be7) 28. Bxc4 $4 (28. Bxf4 $18 {was the only winning move.} O-O (28... Nxb2 29. Bxb5+ Kf8 30. Bd6+ Kg8 31. gxf7+ Kxf7 32. Bxc5 Rhd8 33. Rd7+ Rxd7 34. Qxd7+) 29. gxf7+ Rxf7 30. e5 Nxb2 31. Be3 (31. exf6 Nxd1 32. Bg5 Nc3+ 33. Ka1 Ne4 $14) (31. Rc1 Nc4 $11) 31... Qxe5 (31... Qc3 $2 32. Bd4 $18) 32. Qxc8+ Rf8 33. Bh7+ Kxh7 34. Qc2+ Kg8 35. Bd4 Qxd4 36. Rxd4 Bxd4 37. Qc6 (37. Rxh4 $2 Rf1+ $19)) 28... Qxc4 $19 29. e5 Bxe5 30. Rhe1 {[%emt 0:06:06] [#]} Kf8 $2 (30... O-O $1 $19 31. Qh5 (31. gxf7+ $2 Rxf7 32. Re2 Rfc7 $19) 31... fxg6 (31... Qc2+ 32. Ka1 $16) 32. Qxe5 f3) 31. Qf5 $11 Bf6 32. gxf7 Kxf7 33. Rd7+ $2 (33. Bxf4 $11 Rhd8 34. Qh5+ Kf8 (34... Kg8 35. Rxd8+ Rxd8 36. Re8+ Rxe8 37. Qxe8+ Kh7 38. Qh5+ Kg8 39. Qe8+ Kh7 40. Qh5+ Kg8 41. Qe8+ $11) 35. Rxd8+ Rxd8 36. Bd6+ Kg8 37. Re8+ Rxe8 38. Qxe8+ Kh7 39. Qh5+ Kg8 40. Qe8+ Kh7 41. Qh5+ Kg8 42. Qe8+) 33... Kf8 $2 ({Better is} 33... Kg8 $19 {[%cal Oh8h5] Strongly threatening ...Rh5!} 34. Rd5 Qc6) 34. a3 $2 (34. Bxf4 $16 {[%cal Of5f6] is necessary to keep the advantage. Qxf6+! would kill now.} Rh5 35. Qg6 (35. Qxh5 $2 Qc2+ 36. Ka1 Bxb2#) (35. Bd6+ $2 Kg8 $19)) 34... h3 $2 (34... Qc6 $19 {[%cal Oh8h5] Hoping for ...Rh5!} 35. Rde7 Rh5 (35... Qc2+ 36. Qxc2 Rxc2 37. Re8+ Kf7 38. Rxh8 $14) 36. Qxh5 Bxe7 37. Bxf4 Bf6) 35. Rd6 $11 Rh6 $2 (35... h2 $11 36. Rxf6+ gxf6 37. Qxf6+ Kg8 38. Qg6+ Kf8 39. Qf5+ (39. Qf6+ Kg8 $11) 39... Kg8 (39... Kg7 40. Re7+ Kh6 41. Bxf4+) 40. Qg6+ Kf8 41. Qf5+ (41. Qf6+ Kg8 $11) 41... Kg8 (41... Kg7 42. Re7+ Kh6 43. Bxf4+) 42. Qg6+) 36. Bxf4 $18 Re8 $2 (36... Kg8 $18 37. Bxh6 Bxb2) 37. Rxe8+ Kxe8 38. Bxh6 h2 39. Qd7+ 1-0

[Event "Karel Janecek Open 2024"]
[Site "Prague"]
[Date "2024.03.06"]
[Round "8.5"]
[White "Li, Di"]
[Black "Neuman, Petr"]
[Result "0-1"]
[ECO "A21"]
[WhiteElo "2563"]
[BlackElo "2398"]
[Annotator "TA"]
[PlyCount "38"]
[EventDate "2024.02.22"]
[EventType "swiss"]
[EventCountry "CZE"]
[SourceTitle "playchess.com"]
[Source "ChessBase"]
[SourceQuality "1"]
[TimeControl "40/5400+30:1800+30"]

1. c4 e5 2. Nc3 d6 3. Nf3 f5 4. d4 e4 5. Ng5 h6 6. Nh3 g5 7. f3 exf3 $1 8. gxf3 Bg7 9. Rg1 {[%emt 0:21:45] The position is equal.} Qe7 10. Nd5 Qf7 11. Qa4+ (11. e3 $15) 11... Nc6 (11... Kd8 $1 $17 {[%cal Ob8c6] Threatens to win with ...Nc6!} 12. Nf2 Ne7 13. Nxe7 Qxe7) 12. Bxg5 $1 $11 hxg5 13. Nxg5 Qh5 {[%emt 0:03:52] And now ...Qh4+ would win.} (13... Qd7 14. Ne6 Bxd4 15. Nxd4 (15. Nexc7+ Kd8 $15) 15... Nxd4 16. Qd1 (16. Nxc7+ $2 Kd8 $19) (16. Rxg8+ Kf7 $16) 16... Nxf3+ 17. exf3 Qe6+ 18. Be2 $18) 14. Nxc7+ {[%emt 0:03:11] [#]} (14. O-O-O $1 $11 Kd8 (14... Qxh2 $2 15. Rg2 $18) 15. Kb1) 14... Kd7 $1 $17 15. Nxa8 Bxd4 (15... Qh4+ $5 16. Rg3 f4 $17) 16. Qb5 $2 {[%emt 0:11:23] [#] Now White is beyond hope.} Nge7 $1 $19 {[%emt 0:03:46] Black has a decisive advantage.} (16... Bxg1 17. Qxf5+ Ke7 18. Qxc8 $17) 17. Rg2 ({Avoid the trap} 17. e3 $2 Bxe3 18. Rg2 Bxg5 $19) 17... Qh4+ 18. Kd1 Be3 19. f4 b6 {[%emt 0:04:59] Weighted Error Value: White=0.46/Black=0.10 (very precise) .  Loses game:     	White=1     	---        Mistake:       	White=2     	Black=1      Inaccurate:     	White=1     	---        OK:         	White=3     	Black=4      Best:        	White=1     	---        Strong:       	White=1     	Black=3} ({Less strong is} 19... Bxf4 20. Nf3 Qf6 21. Qb3 $17) 0-1

[Event "Karel Janecek Open 2024"]
[Site "Prague"]
[Date "2024.03.06"]
[Round "8.6"]
[White "Xiang, Zeyu"]
[Black "Csonka, Balasz"]
[Result "1-0"]
[ECO "D33"]
[WhiteElo "2418"]
[BlackElo "2480"]
[Annotator "TA"]
[PlyCount "109"]
[EventDate "2024.02.22"]
[EventType "swiss"]
[EventCountry "CZE"]
[SourceTitle "playchess.com"]
[Source "ChessBase"]
[SourceQuality "1"]
[TimeControl "40/5400+30:1800+30"]

1. c4 c5 2. Nf3 Nc6 3. Nc3 Nf6 4. g3 e6 5. Bg2 d5 6. cxd5 exd5 7. d4 cxd4 8. Nxd4 Bc5 9. Nb3 Bb6 {[%emt 0:00:06] D33: Tarrasch Defence: 6 g3 sidelines.} 10. O-O d4 11. Na4 O-O 12. Bg5 h6 {[%emt 0:00:17] seems to push 12...Re8 aside.} 13. Bxf6 Qxf6 14. Nxb6 axb6 15. Bxc6 bxc6 16. Qxd4 Qd8 17. Rfd1 Qc7 18. Qd6 Qb7 19. Nd4 $1 c5 20. Nb5 Bh3 $146 {[%emt 0:30:28] [#]} ({Predecessor:} 20... Be6 21. Nc7 Rfd8 22. Qxd8+ Rxd8 23. Rxd8+ Kh7 24. Nxe6 fxe6 25. Rd6 b5 26. f3 c4 {1-0 Capo Vidal,U (2306)-Garcia Almaguer,J (2208) Mexico City Latinoamericano-C 1st 2021 (5)}) 21. f3 $1 Rae8 22. Kf2 Qa6 23. Nc3 Be6 24. Rd2 Qa5 25. Rad1 Rc8 26. a3 b5 27. Nd5 Bxd5 28. Rxd5 b4 29. axb4 Qxb4 30. R1d2 Rfe8 31. Qf4 c4 32. Rd7 Qb6+ 33. Kg2 (33. Qd4 {simplifies} Qxd4+ 34. R7xd4 c3 35. bxc3 Rxc3 36. Rd5) 33... Qe6 34. Qd4 Qe5 35. Qc3 Qb5 36. R7d4 Rc7 37. Rg4 g6 38. Rgd4 h5 39. Rd5 Qb8 (39... Rxe2+ $2 40. Rxe2 (40. Kf1 Rxd2 41. Rxb5 Rd1+ 42. Ke2 Rd8 $18) 40... Qb8 41. Qf6 $18) 40. e4 Rb7 41. Rd6 ({But not} 41. Qxc4 $6 Rxb2 42. Qc6 Rxd2+ 43. Rxd2 Rd8 $11) 41... Rc7 42. Qf6 Rce7 43. R2d5 Qb3 $2 {[%emt 0:03:52] [#]} (43... Qb7 $16 {is a better defense.} 44. Rd2 Qb8) 44. Kh3 $1 $18 Qe3 (44... h4 $142 45. gxh4 c3) 45. Rd7 $18 ({Weaker is} 45. Rd8 Qa7 46. Qc6 Rxd8 47. Rxd8+ Kg7 $18) 45... Rxd7 46. Rxd7 Rf8 47. Kh4 Qh6 48. f4 Qg7 49. e5 Rb8 $2 (49... Qxf6+ $18 50. exf6 Rc8) 50. Rd8+ Rxd8 51. Qxd8+ Kh7 52. h3 Kh6 53. g4 hxg4 54. hxg4 Kh7 55. g5 1-0

[Event "Karel Janecek Open 2024"]
[Site "Prague"]
[Date "2024.03.06"]
[Round "8.7"]
[White "Stoyanov, Tsvetan"]
[Black "Mikes, Jan"]
[Result "1-0"]
[ECO "A18"]
[WhiteElo "2465"]
[BlackElo "2358"]
[Annotator "TA"]
[PlyCount "84"]
[EventDate "2024.02.22"]
[EventType "swiss"]
[EventCountry "CZE"]
[SourceTitle "playchess.com"]
[Source "ChessBase"]
[SourceQuality "1"]
[TimeControl "40/5400+30:1800+30"]

1. c4 Nf6 2. Nc3 e6 3. e4 d5 4. e5 d4 5. exf6 dxc3 6. bxc3 Qxf6 7. Nf3 b6 8. d4 Bb7 9. Bd3 h6 {[%emt 0:00:19] Against Bg5} 10. O-O Nd7 {[%emt 0:01:12] Against Ne5} (10... Bxf3 {simplifies} 11. Qxf3 Qxf3 12. gxf3 Nd7) 11. Qe2 Bd6 {[%emt 0:02:22] The position is equal.} 12. Nd2 Qh4 13. g3 Qe7 14. Rb1 {[%emt 0:11:33][%cal Oc4c5] c5! is the strong threat.} Ba3 15. Bxa3 Qxa3 {[%emt 0:00:07] [#]} 16. c5 $1 O-O 17. Bb5 {[%emt 0:32:36] Threatens to win with Nc4.} c6 ({Black should try} 17... Nb8 $14) 18. Bd3 $16 {[%emt 0:01:58] Hoping for Nc4. White now steadily converts the win.} Qxc3 {[%emt 0:09:36] [#]} (18... Nf6 $16) 19. Qe3 $1 $18 Qa5 (19... e5 $2 20. Bh7+ Kxh7 21. Qxc3 $18) 20. Nc4 Qa4 21. Rb3 $40 {[%emt 0:01:25][%mdl 128] Ra3 would now be deadly. Black is in trouble.} (21. cxb6 axb6 22. Nxb6 Nxb6 23. Rxb6 Ba6 $14) 21... b5 (21... Ba6 $142 22. Ra3 Qxc4) 22. Nd6 e5 $2 (22... Rab8 {might work better.} 23. Ra3 Qxa3 24. Bh7+ Kxh7 25. Qxa3 Ba8 26. Qd3+ (26. Qxa7 Nf6 $18) 26... Kg8) 23. Nxb7 ({Resist} 23. dxe5 Rae8 24. f4 (24. Nxb7 Rxe5 25. Qd2 Qa6 $18) 24... Bc8 $18) 23... Qxd4 24. Qxd4 exd4 25. Be4 Rac8 26. Bf5 Rc7 27. Bxd7 Rxd7 28. Na5 Rc8 29. Rd3 Rd5 30. Rc1 Kf8 31. Nb3 Rcd8 32. Rcd1 a5 33. Rxd4 a4 34. Rxd5 Rxd5 35. Rxd5 cxd5 {[%emt 0:00:09][%mdl 4096] Endgame. KN-KP} 36. Nd4 b4 37. Kf1 {[%emt 0:00:20] And now Ke2 would win.} (37. Nc2 b3 38. axb3 axb3 $16) 37... g5 38. Ke2 g4 39. Kd3 {[%emt 0:00:07] Intending Nc2 and mate.} Ke8 40. Nc2 {[%emt 0:00:16] White mates.} b3 41. axb3 axb3 42. Nd4 b2 {[%emt 0:00:04] Weighted Error Value: White=0.09 (flawless) /Black=0.61.  Mistake:       	---       	Black=4      Inaccurate:     	White=2     	Black=4      OK:         	White=13    	Black=5      Best:        	White=4     	Black=2      Strong:       	White=1     	---} 1-0

[Event "Karel Janecek Open 2024"]
[Site "Prague"]
[Date "2024.03.06"]
[Round "8.8"]
[White "Sofronie, Iulian"]
[Black "Isik, Alparslan"]
[Result "0-1"]
[ECO "A45"]
[WhiteElo "2422"]
[BlackElo "2452"]
[Annotator "RC"]
[PlyCount "70"]
[EventDate "2024.02.22"]
[EventType "swiss"]
[EventCountry "CZE"]
[SourceTitle "playchess.com"]
[Source "ChessBase"]
[SourceQuality "1"]
[TimeControl "40/5400+30:1800+30"]

1. d4 Nf6 2. Bf4 g6 3. Nc3 d5 4. e3 Bg7 5. h4 h5 6. Nf3 O-O 7. Ne5 c5 8. Qd2 cxd4 9. exd4 Nc6 10. Bb5 Nxe5 11. Bxe5 Bf5 12. f3 Rc8 13. Ba4 Qa5 14. Bb3 Rfd8 15. O-O-O Rc6 16. Rdg1 Rdc8 17. g4 hxg4 18. Bxf6 Rxc3 19. bxc3 Bxf6 20. fxg4 Be4 21. Rh3 Qa3+ 22. Kb1 b5 23. Re3 a5 24. Rxe4 dxe4 25. g5 Bg7 26. Rf1 e6 27. Qf4 Qe7 28. a3 a4 29. Ba2 Rxc3 30. h5 gxh5 31. g6 fxg6 32. Qxe4 Rxa3 33. Qxg6 Re3 34. Rg1 h4 35. Qh6 Re1+ 0-1

[Event "Karel Janecek Open 2024"]
[Site "Prague"]
[Date "2024.03.06"]
[Round "8.9"]
[White "Bernadskiy, Vitaliy"]
[Black "Harshavardhan G B"]
[Result "1/2-1/2"]
[ECO "C11"]
[WhiteElo "2566"]
[BlackElo "2392"]
[Annotator "TA"]
[PlyCount "65"]
[EventDate "2024.02.22"]
[EventType "swiss"]
[EventCountry "CZE"]
[SourceTitle "playchess.com"]
[Source "ChessBase"]
[SourceQuality "1"]
[TimeControl "40/5400+30:1800+30"]

1. e4 e6 2. d4 d5 3. Nc3 Nf6 4. e5 Nfd7 5. f4 c5 6. Nf3 Nc6 7. Be3 cxd4 8. Nxd4 Qb6 9. Qd2 Qxb2 10. Rb1 Qa3 11. Bb5 Nxd4 12. Bxd4 {[%emt 0:00:06] Hoping for Rb3.} a6 13. Bxd7+ Bxd7 {[%emt 0:00:23] White has an edge.} 14. Rb3 Qe7 ({Wrong is} 14... Qa5 $2 15. Bb6 $18 (15. Rxb7 Bb4 $17) (15. Rxb7 Bb4 $17)) 15. Rxb7 Qd8 16. O-O Qc8 17. Rfb1 Bc5 {[%emt 0:00:10] [#]} 18. f5 $1 Bxd4+ (18... Bb5 19. Nxb5) 19. Qxd4 {[%emt 0:01:35] And now Qb4 would win.} Bb5 {[%emt 0:00:07] Black is weak on the dark squares} 20. Rb6 (20. Nxb5 {simplifies} axb5 21. R7xb5 O-O 22. R1b2) 20... O-O 21. a4 Qc4 22. Rd1 (22. Nxb5 {simplifies} axb5 23. Qxc4 bxc4 24. fxe6 fxe6 25. Rxe6 Rxa4 26. Rd6) 22... Qxd4+ 23. Rxd4 Bc4 24. fxe6 fxe6 {[%emt 0:00:17][%csl Gc4][%cal Rf8f1] [#]} 25. h4 Rf5 (25... Rfe8 $11) 26. Rxe6 $16 Kf7 $1 27. Rb6 {[%emt 0:02:33] White is more active.} ({Better is} 27. Rd6 $14) 27... Rxe5 $11 28. Nd1 Rae8 29. Rb7+ R8e7 30. Rxe7+ Rxe7 31. Nb2 Ba2 32. Rf4+ Ke8 33. Nd3 {[%emt 0:05:35] Weighted Error Value: White=0.13 (very precise) /Black=0.09 (flawless) .  Mistake:       	White=1     	Black=1      Inaccurate:     	White=2     	Black=1      OK:         	White=9     	Black=8      Best:        	White=1     	Black=2      Strong:       	---       	Black=1} 1/2-1/2

[Event "Karel Janecek Open 2024"]
[Site "Prague"]
[Date "2024.03.06"]
[Round "8.10"]
[White "Nguyen, Piotr"]
[Black "Sadzikowski, Daniel"]
[Result "1/2-1/2"]
[ECO "E20"]
[WhiteElo "2404"]
[BlackElo "2497"]
[Annotator "RC"]
[PlyCount "118"]
[EventDate "2024.02.22"]
[EventType "swiss"]
[EventCountry "CZE"]
[SourceTitle "playchess.com"]
[Source "ChessBase"]
[SourceQuality "1"]
[TimeControl "40/5400+30:1800+30"]

1. d4 Nf6 2. c4 e6 3. Nc3 Bb4 4. f3 c5 5. d5 d6 6. e4 b5 7. Nge2 bxc4 8. Nf4 e5 9. Nfe2 Nbd7 10. Ng3 Nb6 11. Be2 Ng8 12. h4 h6 13. f4 exf4 14. Bxf4 Bxc3+ 15. bxc3 Ne7 16. h5 g5 17. hxg6 Nxg6 18. Qd2 Kd7 19. Rh5 Kc7 20. e5 dxe5 21. Rxe5 Qh4 22. Re4+ Nxf4 23. Qxf4+ Qxf4 24. Rxf4 f5 25. Bf3 Kd6 26. Kf2 Bd7 27. Rh1 Raf8 28. Rfh4 h5 29. Nxh5 Na4 30. Rxc4 Bb5 31. Rch4 Nxc3 32. Nf4 Rxh4 33. Rxh4 Rf6 34. Rh7 Ke5 35. Ke3 Ra6 36. Re7+ Kf6 37. Re6+ Rxe6+ 38. Nxe6 Ke5 39. Nxc5 Nxd5+ 40. Kd2 Bc4 41. a3 Kf4 42. Ne6+ Kg3 43. Ng7 Ne7 44. Ke3 Bf7 45. Kd4 Kf4 46. Kc5 Ng6 47. Kb5 Nh4 48. Bc6 Kg3 49. Ka6 f4 50. Kxa7 Nxg2 51. Nf5+ Kf2 52. a4 Ne3 53. Nd4 Nc4 54. Ka6 Nb2 55. a5 Nc4 56. Kb5 Nxa5 57. Kxa5 Bh5 58. Kb4 f3 59. Nxf3 Bxf3 1/2-1/2

[Event "Karel Janecek Open 2024"]
[Site "Prague"]
[Date "2024.03.06"]
[Round "8.11"]
[White "Ivanov, Mike"]
[Black "Kraus, Tomas"]
[Result "1/2-1/2"]
[ECO "D02"]
[WhiteElo "2356"]
[BlackElo "2484"]
[Annotator "TA"]
[PlyCount "50"]
[EventDate "2024.02.22"]
[EventType "swiss"]
[EventCountry "CZE"]
[SourceTitle "playchess.com"]
[Source "ChessBase"]
[SourceQuality "1"]
[TimeControl "40/5400+30:1800+30"]

1. Nf3 d5 2. g3 Nd7 3. d4 b6 4. Bg2 Bb7 5. O-O Ngf6 {[%emt 0:02:20] [#]} 6. c4 $1 dxc4 7. Na3 g6 8. Nxc4 {[%emt 0:01:47] Weiß steht etwas besser.} Bg7 9. b4 O-O 10. Bb2 Bd5 11. Qc2 (11. Rc1 $14) 11... Qb8 (11... c5 $1 $11) 12. Rac1 (12. Nce5 {ist interessant.} Qb7 13. Rac1 Bh6 14. e3) 12... Be4 13. Qb3 (13. Qc3 $16) 13... Qb7 14. Rfd1 Bd5 15. Qc2 (15. Ne1 $14) 15... Be4 (15... Bh6 $11) 16. Qb3 Bd5 17. Qc2 Rfc8 (17... Be4 $11 {ist überlegen.} 18. Qd2 Rfd8) 18. a4 (18. Nce5 $14) 18... a5 {[%emt 0:05:01] Die Stellung ist ausgeglichen.} 19. bxa5 bxa5 20. Ba3 c5 21. Qd3 cxd4 22. Qxd4 Qb3 23. Nfd2 Qb7 24. Nf3 Qb3 25. Nfd2 Qb7 {[%emt 0:00:05] Gewichteter Fehlerwert: Weiß=0.20 (präzise) /Schwarz=0.21 (präzise) .  Fehler:       	Weiß=4     	Schwarz=3     Ungenau:       	Weiß=1     	Schwarz=5     OK:         	Weiß=5     	Schwarz=5     Bester:       	---       	Schwarz=2} 1/2-1/2

[Event "Karel Janecek Open 2024"]
[Site "Prague"]
[Date "2024.03.06"]
[Round "8.12"]
[White "Abdilkhair, Abilmansur"]
[Black "Maksimovic, Bojan"]
[Result "1-0"]
[ECO "B07"]
[WhiteElo "2357"]
[BlackElo "2497"]
[Annotator "TA"]
[PlyCount "131"]
[EventDate "2024.02.22"]
[EventType "swiss"]
[EventCountry "CZE"]
[SourceTitle "playchess.com"]
[Source "ChessBase"]
[SourceQuality "1"]
[TimeControl "40/5400+30:1800+30"]

1. e4 d6 2. d4 Nf6 3. Nc3 Nbd7 4. f4 e5 5. Nf3 exd4 6. Qxd4 c6 7. e5 dxe5 8. fxe5 Bc5 {[%emt 0:10:00] B07: Pirc Defence: Miscellaneous Systems.} 9. Qh4 Qe7 10. Bf4 Bb4 11. O-O-O Bxc3 12. exf6 Bxf6 13. Qf2 $146 (13. Qg3 $1 $11 O-O 14. Bd3) ({Predecessor:} 13. Bg5 O-O 14. Re1 Qc5 15. Bc4 b5 16. Bb3 a5 17. a3 a4 18. Ba2 h6 19. Bxf6 Nxf6 {½-½ Klovans,J (2492)-Schmaltz,R (2508) Leinfelden Schachtage op 2nd 2000 (4)}) 13... Bxb2+ 14. Kb1 {[%emt 0:00:06] [#]} (14. Kxb2 $142 Qb4+ 15. Ka1 Qxf4 16. Qe1+ Kf8 17. Bd3) 14... O-O (14... Nb6 $1 $17 {[%cal Oc8e6] Threatens to win with ...Be6!} 15. Qg3 (15. Bd6 Qf6 $17) 15... Bf6) 15. Bd6 $1 $15 Qf6 $1 16. Bxf8 Nxf8 17. Qe3 $1 Be6 18. Nd4 $1 Bxd4 19. Qxd4 Qxd4 (19... Qg5 {feels hotter.} 20. Bc4 Bxc4 21. Qxc4 Qxg2 22. Rhe1 b5) 20. Rxd4 Ng6 21. Be2 Kf8 22. Re1 Ne5 23. Bd3 Nxd3 24. Rxd3 Ke7 25. a4 a5 26. c4 c5 27. Kc2 b6 28. Kc3 Rd8 29. Rd5 Rd6 30. h4 Kd7 31. Rxd6+ Kxd6 32. Rd1+ Kc7 33. h5 h6 34. Rd3 g6 (34... g5 $11) 35. Rf3 $1 $14 gxh5 36. Rf6 Kb7 37. Rxh6 Bd7 38. Rxh5 Kc7 39. Rh8 Be6 (39... f5 $16 {was necessary.}) 40. Rg8 (40. Rh6 $18) 40... Kd6 41. Rg7 Ke7 42. g4 ({Better is} 42. Rh7 $16) 42... Kd6 $2 {[%emt 0:00:00][%mdl 8192] [#]} ({Black should play} 42... Kf8 $1 $14 43. Rg5 f6) 43. g5 $1 $18 Ke5 {[%emt 0:00:00] [#]} 44. Rh7 $1 Kd6 $2 (44... Kf4 45. Rh8 Kxg5) 45. Rh6 $18 Ke5 46. Rf6 Kd6 47. Kc2 Ke5 48. Kd3 Bf5+ 49. Kc3 Be6 50. Kb3 Kd6 51. Kc2 Ke5 52. Kc3 Kd6 53. Kd3 Ke5 54. Ke3 Bxc4 55. Rxb6 Kd5 56. Rf6 Ke5 57. Rc6 Kd5 58. Rc7 Kd6 59. Ra7 Kc6 60. Rxa5 Kb6 61. Ra8 Kb7 62. Re8 Kb6 63. Kd2 Ba2 64. Kc3 Ka5 65. Rc8 Kb6 66. a5+ 1-0

[Event "Karel Janecek Open 2024"]
[Site "Prague"]
[Date "2024.03.06"]
[Round "8.13"]
[White "Kusa, Jakub"]
[Black "Quintiliano, Renato R."]
[Result "1/2-1/2"]
[ECO "A49"]
[WhiteElo "2350"]
[BlackElo "2493"]
[Annotator "TA"]
[PlyCount "158"]
[EventDate "2024.02.22"]
[EventType "swiss"]
[EventCountry "CZE"]
[SourceTitle "playchess.com"]
[Source "ChessBase"]
[SourceQuality "1"]
[TimeControl "40/5400+30:1800+30"]

1. d4 Nf6 2. Nf3 g6 3. g3 Bg7 4. Bg2 O-O 5. O-O d6 6. b3 e5 7. dxe5 dxe5 8. Ba3 e4 $1 {[%emt 0:00:07][%mdl 4] punktet besser als das ältere 8...Qxd1. A49: Königsindisch (ohne c2-c4).} 9. Bxf8 Qxf8 10. Nd4 e3 11. Nc3 Ng4 12. Qd3 c5 $146 ({Predecessor:} 12... exf2+ 13. Kh1 Na6 14. Rad1 c6 15. h3 Nc5 16. Qf3 Bd7 17. b4 Re8 18. e4 Na6 {1-0 Paragua,M (2513)-Kovalev,V (2648) Online Olym Div2 A rapid 2020 (4.1)}) 13. Ndb5 Bf5 14. Be4 Nxf2 15. Qd5 Nxe4 16. Nxe4 Nc6 17. Rad1 Rd8 18. Qc4 Ne5 19. Qa4 Nf3+ 20. exf3 e2 21. Rxd8 exf1=Q+ 22. Kxf1 Qxd8 23. Ke2 Bd7 24. Qc4 b6 25. Nbd6 Be6 26. Qb5 Bd7 27. Qc4 Qe7 28. Qd5 Bf8 29. Nc4 Be6 30. Qg5 Qxg5 31. Nxg5 Bd7 32. Ne4 Be7 33. Ne3 Bc6 34. c4 f5 35. Nc3 Kf7 36. Ned5 Bd6 37. f4 Ke6 38. a4 Bf8 39. Nb5 a6 40. Nbc7+ Kd6 41. Nxa6 Bxd5 42. cxd5 Kxd5 43. Nc7+ Ke4 44. Nb5 c4 45. bxc4 Bc5 46. h3 Bb4 47. Nc7 Kd4 48. Nd5 Bc5 49. Nf6 Kxc4 50. Nxh7 Kb4 51. Nf6 Kxa4 52. Nd7 Bd4 53. Kd3 Bg7 (53... Bf2 $11 {bleibt in der Remisbreite.}) 54. Nxb6+ $16 Kb5 55. Nd5 Bf8 56. h4 (56. Kd4 $16 {Droht Ke5 und aus.} Bg7+ 57. Kd3) 56... Kc5 57. Ne3 Kd6 58. h5 gxh5 59. Nxf5+ Ke6 60. Ke4 Kf6 61. Ne3 Bd6 62. Nd5+ Kg6 63. Nc3 Bb4 64. Nd5 Bd6 65. Ne3 Kf6 66. Ng2 Bb4 67. Kf3 Ba5 68. Ne3 Be1 69. Kg2 Bd2 70. Nc4 Bc3 71. Kh3 Kg6 72. Ne5+ Kf5 73. Kh4 Bd2 74. Nd3 Ke4 75. Nc5+ Kf5 76. Kxh5 Bxf4 77. g4+ Kf6 78. Ne4+ Kf7 79. g5 Bxg5 1/2-1/2

[Event "Karel Janecek Open 2024"]
[Site "Prague"]
[Date "2024.03.06"]
[Round "8.14"]
[White "Barbosa, Evandro Amorim"]
[Black "Jares, Michal"]
[Result "1-0"]
[ECO "B12"]
[WhiteElo "2491"]
[BlackElo "2314"]
[Annotator "TA"]
[PlyCount "63"]
[EventDate "2024.02.22"]
[EventType "swiss"]
[EventCountry "CZE"]
[SourceTitle "playchess.com"]
[Source "ChessBase"]
[SourceQuality "1"]
[TimeControl "40/5400+30:1800+30"]

1. e4 c6 2. d4 d5 3. e5 Bf5 4. h4 h5 5. Bd3 Bxd3 6. Qxd3 Qa5+ 7. Nd2 {[%emt 0:00:11][%cal Oe5e6,Bb1d2,Bd2b3,Bb3c5][%mdl 32] Und jetzt e6! wäre schön.} e6 8. Ngf3 {[%emt 0:00:12] Die Stellung ist ausgeglichen.} Nh6 9. O-O Nf5 10. a4 Be7 11. Nb3 Qa6 12. Qd1 Nxh4 13. Nxh4 Bxh4 14. Nc5 Qb6 15. Ra3 $1 $36 {[%emt 0:00:19][%mdl 2048] Weiss hat Initiative.} Be7 (15... Qc7 $1 $11 {bleibt in der Remisbreite.}) 16. Rb3 $16 {[%emt 0:03:21] Weiß steht aktiver.} Bxc5 17. Rxb6 Bxb6 18. c3 {[%emt 0:02:59] Qb3 ist eine echte Drohung.} Nd7 19. Re1 {[%emt 0:07:23][%mdl 1024] Weiss hat starke Kompensation.} c5 {[%emt 0:05:41] [#]} (19... Bd8 $16 20. Qd3 h4) 20. a5 $1 Bc7 (20... Bxa5 21. dxc5) 21. Qa4 {[%emt 0:01:35] Schwarz muss nun a6 beachten.} O-O-O (21... cxd4 {kämpft weiter.} 22. cxd4 h4) 22. a6 (22. Bg5 $18) 22... Bb6 $2 (22... Nb6 $16 {war einen Versuch wert.} 23. Qb5 cxd4 24. cxd4 Kb8) 23. b3 {[%emt 0:01:43] Droht Ba3 und aus.} Rhe8 $2 (23... cxd4 {ist zäher.} 24. cxd4 Nb8) 24. Ba3 $18 {[%emt 0:03:11] Weiß steht klar auf Gewinn.} Kb8 25. Qb5 bxa6 26. Qc6 Bc7 27. dxc5 Nxe5 28. Qxa6 {[%emt 0:00:08][%cal Oe1e5] [#] Und Rxe5! würde nun gewinnen.} Rc8 29. Kf1 Ka8 30. c6 Rb8 {[%emt 0:01:54] Gegen Qb7+ gerichtet.} 31. Bc5 Bb6 32. c7 {[%emt 0:00:13] Gewichteter Fehlerwert: Weiß=0.26 (präzise) /Schwarz=0.66.  Verlustzug:     	---       	Schwarz=1     Fehler:       	Weiß=1     	Schwarz=4     Ungenau:       	Weiß=2     	---        OK:         	Weiß=5     	Schwarz=6     Bester:       	Weiß=2     	Schwarz=1     Stark:        	Weiß=1     	---} 1-0